 Dungeon Crawl Stone Soup version 0.31.0-9-g3a7656b989 (webtiles) character file.

Game seed: 11746716820274952426

293 qw the Shooter (level 5, -1/41 HPs)
             Began as a Demigod Hunter on Feb 2, 2024.
             Slain by a gnoll
             ... wielding a +0 spear
              (4 damage)
             ... on level 3 of the Dungeon.
             The game lasted 00:00:06 (2198 turns).

qw the Shooter (Demigod Hunter)                     Turns: 2198, Time: 00:00:07

Health: -1/41      AC:  5    Str: 12    XL:     5   Next: 84%
Magic:  7/7        EV: 11    Int:  9    God:
Gold:   33         SH:  0    Dex: 21    Spells: 4/4 levels left

rFire   . . .        a - +3 shortbow
rCold   . . .        (shield currently unavailable)
rNeg    . . .        e - +0 ring mail
rPois   .            (no helmet)
rElec   .            (no cloak)
rCorr   .            (no gloves)
SInv    .            (no boots)
Will    .....        (no amulet)
Stlth   +            (no ring)
HPRegen 0.26/turn    (no ring)
MPRegen 0.10/turn

%: no passive effects
@: no status effects
A: high MP 1, forlorn, divine attributes, hooves 1, dopey 1
a: no special abilities


You were on level 3 of the Dungeon.
You visited 1 branch of the dungeon, and saw 3 of its levels.

You collected 138 gold pieces.
You spent 105 gold pieces at shops.


Innate Abilities, Weirdness & Mutations

You have an increased reservoir of magic. (+10% MP)
You shall have no god before yourself.
Your divine heritage dramatically boosts your attributes as you level up.
You have large cloven feet.
You are dopey. (Int -2)


   Skills:
 + Level 2.3 Fighting
 - Level 6.3 Ranged Weapons
 - Level 1.0 Armour
 - Level 2.1 Dodging
 - Level 0.8 Stealth


You had 4 spell levels left.
You didn't know any spells.
Your spell library was empty.

Inventory:

Hand Weapons
 a - a +3 shortbow (weapon)
Armour
 e - a +0 ring mail (worn)
Wands
 f - a wand of roots (3)
 h - a wand of polymorph (13)
Scrolls
 c - a scroll of teleportation {unknown}
Potions
 b - a potion of haste {unknown}
 d - 4 potions of curing

Dungeon Overview and Level Annotations

Branches:
Dungeon (3/15)

Shops:
D:2 (   D:3 !![

Annotations:
D:2 1 runed translucent door, Crazy Yiuf


Message History

A gnoll comes into view. It is wielding a +0 spear.
You shoot an arrow. The arrow closely misses the gnoll.
You shoot an arrow.
The arrow hits the gnoll but does no damage.
The gnoll is heavily wounded.
The gnoll barely misses you.
You shoot an arrow. The arrow closely misses the gnoll.
The gnoll barely misses you.
A gnoll comes into view. It is wielding a +0 spear.
The gnoll hits you but does no damage.
You shoot an arrow. The gnoll shouts!
The arrow hits the gnoll.
You kill the gnoll!
The gnoll hits you but does no damage. The goblin hits you with a +0 dagger.
You shoot an arrow. The arrow hits the goblin!
You kill the goblin!
The gnoll hits you from afar with a +0 spear.
The gnoll closely misses you.
You shoot an arrow. The arrow barely misses the gnoll.
The gnoll hits you from afar with a +0 spear. x2
You shoot an arrow.
The arrow hits the gnoll but does no damage.
The gnoll is heavily wounded.
The gnoll misses you. The gnoll barely misses you.
You shoot an arrow. The arrow hits the gnoll.
The gnoll is almost dead.
The gnoll hits you from afar with a +0 spear. x4
The gnoll misses you.
The gnoll hits you from afar with a +0 spear.
You shoot an arrow. The arrow hits the gnoll.
You kill the gnoll!
The gnoll hits you from afar with a +0 spear. x2
You shoot an arrow. The arrow hits the gnoll.
The gnoll is heavily wounded.
The gnoll misses you. The gnoll hits you but does no damage.
You shoot an arrow. The arrow hits the gnoll.
The gnoll is severely wounded.
The gnoll hits you from afar with a +0 spear.
You die...

#.......#+#
#.)....
######.....###
#......
#..........#
.......
#..........##
........
#...........+
......###
######......##
#.......#
#.......#
#.....)@#
######..).#
..g>g##
.......#
.........#
.........#
.........#
.........#


You could see 2 gnolls.

Vanquished Creatures
  Sigmund (D:2)
  Terence (D:3)
  2 gnolls (D:3)
  2 adders
  3 dart slugs
  A ribbon worm (D:2)
  4 endoplasms
  A giant cockroach (D:1)
  4 goblins
  5 hobgoblins
  4 jackals (D:1)
  8 kobolds
  2 quokkas (D:2)
  4 ball pythons
  3 frilled lizards
  5 rats
50 creatures vanquished.

Notes
Turn   | Place    | Note
-------+----------+-------------------------------------------
     0 | D:1      | qw the Demigod Hunter began the quest for the Orb.
     0 | D:1      | Reached XP level 1. HP: 17/17 MP: 3/3
     0 | D:1      | 0 ||| qw: Version: 0.3-a-155-g5e7d8dd
     0 | D:1      | 0 ||| qw: Game counter: 38
     0 | D:1      | 0 ||| qw: Melee chars always use a shield: true
     0 | D:1      | 0 ||| qw: God list: Okawaru
     0 | D:1      | 0 ||| qw: Allow faded altars: false
     0 | D:1      | 0 ||| qw: Do Orc after clearing Dungeon:15 true
     0 | D:1      | 0 ||| qw: Do second Lair branch before Depths: true
     0 | D:1      | 0 ||| qw: Lair rune preference: random
     0 | D:1      | 0 ||| qw: Goals: Normal
     0 | D:1      | 0 ||| PLANNING D:1-11
   216 | D:1      | Reached skill level 4 in Ranged Weapons
   307 | D:1      | Reached XP level 2. HP: 24/24 MP: 4/4
   786 | D:1      | 786 ||| UPGRADING to +0 ring mail.
   796 | D:1      | 796 ||| DROPPING +0 leather armour.
   797 | D:1      | 797 ||| READING scroll labelled AFINOI HOFFAL.
   798 | D:1      | 798 ||| DRINKING 2 golden potions.
   799 | D:1      | 799 ||| DROPPING scroll of butterflies.
   836 | D:2      | Found Impeinal's Antique Weapon Boutique.
   855 | D:2      | Identified the +5 dagger "Ranezxu" {flame, SInv}
   870 | D:2      | 870 ||| SHOPLISTING glowing orcbow (175 gold, have 96).
   870 | D:2      | 870 ||| SHOPLISTING masterwork orcbow (229 gold, have 96).
   870 | D:2      | 870 ||| SHOPLISTING runed longbow (256 gold, have 96).
  1030 | D:2      | Reached XP level 3. HP: 17/29 MP: 5/5
  1396 | D:2      | Found a runed translucent door.
  1397 | D:2      | Noticed Crazy Yiuf
  1438 | D:2      | Noticed Sigmund
  1445 | D:2      | Killed Sigmund
  1446 | D:2      | Reached skill level 6 in Ranged Weapons
  1446 | D:2      | Reached XP level 4. HP: 36/36 MP: 6/6
  1446 | D:2      | Reached XP level 5. HP: 41/41 MP: 7/7
  1890 | D:2      | 1890 ||| READING scroll labelled VUJISE ADITAU.
  1991 | D:2      | 1991 ||| READING 2 scrolls labelled DORROE KAESHRA.
  1991 | D:2      | 1991 ||| IDENTIFYING fizzy blue potion
  1992 | D:2      | 1992 ||| READING scroll of identify.
  1992 | D:2      | 1992 ||| IDENTIFYING sedimented ruby potion
  1993 | D:2      | 1993 ||| READING 3 scrolls labelled SAUDUE KIPLIT.
  1993 | D:2      | 1993 ||| ENCHANTING +0 shortbow.
  1994 | D:2      | 1994 ||| READING 2 scrolls of enchant weapon.
  1994 | D:2      | 1994 ||| ENCHANTING +1 shortbow.
  1995 | D:2      | 1995 ||| READING scroll of enchant weapon.
  1995 | D:2      | 1995 ||| ENCHANTING +2 shortbow.
  1996 | D:2      | 1996 ||| DRINKING 2 puce potions.
  1996 | D:2      | Gained mutation: You are occasionally teleported next to
                  | monsters. [potion of mutation]
  1996 | D:2      | Gained mutation: You are dopey. (Int -2) [potion of
                  | mutation]
  1997 | D:2      | 1997 ||| DRINKING potion of mutation.
  1997 | D:2      | Lost mutation: You are occasionally teleported next to
                  | monsters. [potion of mutation]
  1997 | D:2      | Lost mutation: You are dopey. (Int -2) [potion of mutation]
  1997 | D:2      | Gained mutation: You are dopey. (Int -2) [potion of
                  | mutation]
  1997 | D:2      | Gained mutation: You have large cloven feet. [potion of
                  | mutation]
  1998 | D:2      | 1998 ||| DROPPING potion of brilliance.
  1999 | D:2      | 1999 ||| DROPPING potion of degeneration.
  2064 | D:3      | 2064 ||| DROPPING +2 sling of flaming.
  2067 | D:3      | Found Lorphif's Armour Shop.
  2071 | D:3      | Found Nuridic's Distillery.
  2078 | D:3      | 2078 ||| SHOPLISTING +1 cloak "Subliodo" {rElec rPois SInv}
                  | (414 gold, have 127).
  2078 | D:3      | 2078 ||| SHOPLISTING +3 ring mail of the Mango {Regen+}
                  | (338 gold, have 127).
  2101 | D:3      | Found Soysyusch's Distillery.
  2105 | D:3      | 2105 ||| BUYING potion of curing (36 gold).
  2105 | D:3      | Bought a potion of curing for 36 gold pieces
  2105 | D:3      | 2105 ||| BUYING potion of curing (36 gold).
  2105 | D:3      | Bought a potion of curing for 36 gold pieces
  2105 | D:3      | 2105 ||| SHOPLISTING potion of mutation (96 gold, have 55).
  2105 | D:3      | 2105 ||| SHOPLISTING potion of resistance (120 gold, have
                  | 55).
  2112 | D:3      | 2112 ||| SHOPLISTING 2 potions of haste (220 gold, have
                  | 55).
  2112 | D:3      | 2112 ||| SHOPLISTING potion of cancellation (88 gold, have
                  | 55).
  2112 | D:3      | 2112 ||| BUYING potion of curing (33 gold).
  2112 | D:3      | Bought a potion of curing for 33 gold pieces
  2112 | D:3      | 2112 ||| SHOPLISTING potion of curing (33 gold, have 22).
  2112 | D:3      | 2112 ||| SHOPLISTING potion of enlightenment (55 gold, have
                  | 22).
  2112 | D:3      | 2112 ||| SHOPLISTING potion of haste (110 gold, have 22).
  2131 | D:3      | Noticed Terence
  2135 | D:3      | Killed Terence
  2136 | D:3      | Reached skill level 1 in Armour
  2196 | D:3      | HP: 8/41 [gnoll/+0 spear (4)]
  2196 | D:3      | HP: 3/41 [gnoll/+0 spear (5)]
  2198 | D:3      | Slain by a gnoll

Levels and vault maps discovered:
D:1:      scummos_arrival_hexagon, layout_loops_corners, serial_bayou_pond_d,
          st_stairs_14
D:2:      layout_basic, serial_shops, nicolae_shop_tiny_glass,
          uniq_crazy_yiuf_cottage, uniq_sigmund
D:3:      layout_basic, mainiacjoe_overflow_alcove_1, serial_shops,
          nicolae_shop_crystal, shop, nicolae_shop_tiny_statue_garden,
          shop_statue, nicolae_shop_rolling_square, uniq_terence, uniq_jessica,
          uniq_robin

Skill      XL: |  1  2  3  4  5 |
---------------+----------------+-----
Ranged Weapons | 4 6 |  6.3
Fighting       | 2 |  2.3
Dodging        | 2 |  2.1
Armour         | 1 |  1.0
Stealth        | |  0.8

Action                     |  1- 3 |  4- 6 || total
---------------------------+-------+-------++-------
   Fire: Shortbow          |    89 |    58 ||   147
    Use: Scroll            |     1 |     6 ||     7
         Potion            |     1 |     2 ||     3
 Armour: Leather armour    |     1 |       ||     1
         Ring mail         |    11 |    25 ||    36
  Dodge: Dodged            |    14 |    18 ||    32

Table legend:
 A = Non-vault XP
 B = Vault XP
 C = Vault XP percentage of total XP
 D = Non-vault monster count
 E = Vault monster count
 F = Vault count percentage of total count
                 A         B        C        D         E       F
            +---------+---------+-------+---------+---------+-------
      Total |     132 |     287 |  68.5 |      46 |       4 |   8.0
            +---------+---------+-------+---------+---------+-------
        D:1 |      37 |       4 |   9.8 |      19 |       2 |   9.5
        D:2 |      36 |     247 |  87.3 |      13 |       1 |   7.1
        D:3 |      59 |      36 |  37.9 |      14 |       1 |   6.7
            +---------+---------+-------+---------+---------+-------
